 Dungeon Crawl Stone Soup version 0.32-a0-986-ga09f62fbf4 (webtiles) character file.

Game seed: 1336544764300372136

56 bananaken the Trooper (level 3, -7/41 HPs)
             Began as an Oni Delver on Apr 21, 2024.
             Was an Initiate of Makhleb.
             Mangled by a gnoll
             ... wielding a +0 club
              (8 damage)
             ... on level 2 of the Dungeon.
             The game lasted 00:05:03 (804 turns).

bananaken the Trooper (Oni Delver)                   Turns: 804, Time: 00:05:03

Health: -7/41      AC:  3    Str: 18    XL:     3   Next: 97%
Magic:  3/3        EV:  9    Int: 11    God:    Makhleb [......]
Gold:   924        SH:  5    Dex: 10    Spells: 2/2 levels left

rFire   + . .        h - staff of alchemy
rCold   + . .        (no shield)
rNeg    . . .        b - +0 robe
rPois   +            (helmet restricted)
rElec   +            (no cloak)
rCorr   +            (gloves unavailable)
SInv    +            (boots unavailable)
Will    .....        o - amulet of reflection
Stlth   ++           f - ring of see invisible
HPRegen 0.26/turn    (no ring)
MPRegen 0.08/turn

%: reflection
@: resistant, weak-willed, attractive
A: large, unfitting armour, horns 1, tough skin 1, double potion healing,
drunken brawling
a: Renounce Religion


You were on level 2 of the Dungeon.
You worshipped Makhleb.
Makhleb was noncommittal.
You visited 1 branch of the dungeon, and saw 4 of its levels.

You collected 924 gold pieces.

Inventory:

Hand Weapons
 a - a +0 mace
Armour
 b - a +0 robe (worn)
Magical Staves
 h - a staff of alchemy (weapon)
Jewellery
 f - a ring of see invisible (left hand)
 o - an amulet of reflection (around neck)
Wands
 g - a wand of digging (3)
Scrolls
 c - a scroll of fog
 d - a scroll of revelation
Potions
 m - a potion of resistance


   Skills:
 + Level 4.8 Fighting
 - Level 2.2(2.3) Maces & Flails
 + Level 0.3(1.4) Staves
 - Level 2.0 Dodging
 - Level 3.8 Stealth
 + Level 1.0 Alchemy
 + Level 0.5 Invocations
 + Level 1.0 Evocations


You had 2 spell levels left.
You didn't know any spells.
Your spell library contained the following spells:

 Spells                   Type           Power      Damage    Failure   Level
 Sublimation of Blood     Necr           0%         N/A       47%         2
 Curse of Agony           Necr           0%         N/A       100%        5
 Rimeblight               Ice/Necr       0%         2d3       (prima100%   7


Dungeon Overview and Level Annotations

Branches:
Dungeon (5/15)
 Temple: D:4-7

Altars:
Makhleb

Annotations:
D:2 Jessica


Innate Abilities, Weirdness & Mutations

You are too large for most types of armour.
You have a pair of small horns on your head.
You have tough skin. (AC +1)
You gain doubled healing and magic from potions.
Whenever you drink a healing potion, you attack all around you.


Message History

The gnoll hits you with a +0 spear.
You barely miss the gnoll.
The gnoll is heavily wounded.
The gnoll hits you with a +0 spear.
You barely miss the gnoll.
The gnoll is heavily wounded.
The gnoll hits you with a +0 spear.
You hit the gnoll but do no damage.
The gnoll is heavily wounded.
The gnoll hits you with a +0 spear!
* * * LOW HITPOINT WARNING * * *
Unknown command.
It was a potion of attraction.
You feel attractive to monsters. The gnoll barely misses you.
As you read the scroll of fear, it crumbles to dust.
You assume a fearsome visage.
The gnoll looks frightened! x2
The gnoll is attracted toward you.
Unknown command.
As you read the scroll labelled LIMYNEI OZON, it crumbles to dust.
The creatures around you are filled with an inner flame!
It was a scroll of immolation.
Cornered, the gnoll turns to fight!
The gnoll is attracted toward you.
As you read the scroll labelled WUSYHY PUVAMO, it crumbles to dust.
Your attack snaps the gnoll out of its fear.
A wave of despondency washes over your surroundings.
It was a scroll of vulnerability.
The gnoll hits you with a +0 spear.
* * * LOW HITPOINT WARNING * * *
Unknown command.
Blink to where?
Press: ? - help, Dir - move target
As you read the scroll labelled SADATWIEMI, it crumbles to dust.
It was a scroll of blinking.
The gnoll is attracted toward you. x2
This is a scroll of acquirement!
Something appears at your feet!
You now have 924 gold pieces (gained 863).
The gnoll hits you with a +0 spear.
* * * LOW HITPOINT WARNING * * *
The gnoll hits you with a +0 club!
You die...

#.#
#.##.#.##♣♣P♣~~.~♣P.~♣.....
#.# #.##.#.# ♣
♣♣♣~.♣♣♣♣♣..... #.# #.# #
♣~~♣♣ ♣#..... #.#####.##.#
♣P.P #..[... #.....>....#
♣♣~P #.#..... #######.####
♣.P #.#..... #)# # #.....
#.# #.###### ####.# #.#
#....@g# #.# #.# ######g#
.# #.# #§# .# #.. #.# ###
#.## ###.#§#####...
..###§<....####
###.#.#####.#.. #g##
#.#.######


You could see 2 gnolls.

Vanquished Creatures
  A gnoll (D:2)
  2 adders
  A dart slug (D:2)
  An endoplasm (D:2)
  A giant cockroach (D:2)
  5 goblins
  A hobgoblin (D:2)
  4 jackals (D:2)
  A quokka (D:3)
  4 bats (D:2)
  A frilled lizard (D:2)
  2 kobolds (D:2)
  2 rats (D:2)
26 creatures vanquished.

Notes
Turn   | Place    | Note
-------+----------+-------------------------------------------
     0 | D:5      | bananaken the Oni Delver began the quest for the Orb.
     0 | D:5      | Reached XP level 1. HP: 24/24 MP: 1/1
    28 | D:5      | Reached XP level 2. HP: 23/32 MP: 2/2
   564 | D:2      | Reached XP level 3. HP: 31/40 MP: 3/3
   618 | D:2      | Found a burning altar of Makhleb.
   646 | D:2      | Became a worshipper of Makhleb the Destroyer
   765 | D:2      | Noticed Jessica
   766 | D:2      | Noticed an ogre
   786 | D:2      | Reached skill level 1 in Alchemy
   786 | D:2      | Reached skill level 1 in Evocations
   803 | D:2      | Identified a scroll of acquirement
   803 | D:2      | Acquired 863 gold pieces
   804 | D:2      | HP: 1/41 [gnoll/+0 spear (5)]
   804 | D:2      | Mangled by a gnoll

Illustrated notes

Levels and vault maps discovered:
D:2:      layout_loops_ring, basic_altar, serial_bayou, serial_bayou_shore_b,
          serial_bayou_crossing, serial_bayou_shore_b, serial_bayou_pond_e,
          uniq_natasha, uniq_jessica
D:3:      layout_loops_ring, st_stairs_5, minmay_misc_feat_rows,
          minmay_snake_closets
D:4:      layout_basic, mainiacjoe_overflow_cross_hatched, serial_shops,
          nicolae_shop_waterfront
D:5:      cheibrodos_quashed, layout_loops_ring

Skill      XL: |  1  2  3 |
---------------+----------+-----
Dodging        | 2 |  2.0
Alchemy        | 1 |  1.0
Evocations     | 1 |  1.0
Fighting       | |  4.8
Maces & Flails | |  2.2
Staves         | |  0.3
Stealth        | |  3.8
Invocations    | |  0.5

Action                     || total
---------------------------++-------
  Melee: Staff             ||   119
         Headbutt          ||    15
    Use: Potion            ||     5
         Scroll            ||     5
   Stab: Sleeping          ||     3
 Armour: Robe              ||    83
  Dodge: Dodged            ||    56
  Block: Other             ||     6

Table legend: (Time is in decaauts)
 A = Elapsed time spent in this place.
 B = Non-inter-level travel time spent in this place.
 C = Inter-level travel time spent in this place.
 D = Time resting spent in this place.
 E = Time spent auto-exploring this place.
 F = Levels seen in this place.
 G = Mean time per level.
                   A        B        C        D        E       F      G
               +--------+--------+--------+--------+--------+-----+--------+
         Total |    798 |    798 |      0 |    131 |    298 |   4 |  199.5 |
       Dungeon |    798 |    798 |      0 |    131 |    298 |   4 |  199.5 |
               +--------+--------+--------+--------+--------+-----+--------+

Top non-repeatable levels by time:
     D:2: 514 daAuts
     D:3: 196 daAuts
     D:4: 61 daAuts
     D:5: 25 daAuts
